 Dungeon Crawl Stone Soup version 0.29.0-4-gdea44cf6ec (webtiles) character file.

Game seed: 13057982825796609502

253 qw the Chopper (level 5, 0/46 HPs)
             Began as a Minotaur Berserker on Sept 10, 2022.
             Was a Believer of Trog.
             Slain by a lemure (7 damage)
             ... led by Pikel
             ... on level 4 of the Dungeon.
             The game lasted 00:00:57 (3745 turns).

qw the Chopper (Minotaur Berserker)                 Turns: 3745, Time: 00:00:57

Health: 0/46       AC:  6    Str: 24    XL:     5   Next: 90%
Magic:  4/4        EV: 10    Int:  4    God:    Trog [**....]
Gold:   128        SH:  0    Dex:  9    Spells: 4/4 levels left

rFire   + . .      SeeInvis .   Y - +2 war axe
rCold   + . .      Faith    .   (no shield)
rNeg    . . .      Spirit   .   d - +0 scale mail
rPois   .          Reflect  .   (helmet restricted)
rElec   .          Harm     .   b - scarf {rC+ rF+}
rCorr   .          Rampage  .   (no gloves)
Will    .....                   (no boots)
Stlth   ..........              (no amulet)
HPRegen 0.15/turn               h - +4 ring of slaying {mikee}
MPRegen 0.09/turn               (no ring)

@: on berserk cooldown, slowed, very slow
A: horns 2, retaliatory headbutt, talons 1, mutation resistance 1
a: Renounce Religion, Berserk, Trog's Hand


You were on level 4 of the Dungeon.
You worshipped Trog.
Trog was pleased with you.
You visited 1 branch of the dungeon, and saw 4 of its levels.

You collected 128 gold pieces.


Innate Abilities, Weirdness & Mutations

You have a pair of horns on your head.
You reflexively headbutt those who attack you in melee.
You have sharp toenails.
You are somewhat resistant to further mutation.


   Skills:
 - Level 4.0 Fighting
 + Level 7.9 Axes
 - Level 2.4 Armour
 - Level 2.1 Dodging


You had 4 spell levels left.
You didn't know any spells.
Your spell library was empty.

Inventory:

Hand Weapons
 e - a +0 flail
 Y - a +2 war axe (weapon)
Armour
 b - a scarf of resistance (worn)
 d - a +0 scale mail (worn)
Jewellery
 h - a +4 ring of slaying (left hand) {mikee}
Scrolls
 a - a scroll of identify
Potions
 f - a potion of curing
 g - a potion of might {unknown}
 i - a potion of mutation
 k - a potion of berserk rage {unknown}
 p - 2 potions of haste {unknown}
 q - a potion of attraction {unknown}

Dungeon Overview and Level Annotations

Branches:
Dungeon (4/15)
 Temple: D:4-7

Altars:

Shops:
D:1 (   D:2 :   D:3 (

Annotations:
D:4 Pikel


Message History

You completely miss Pikel. You claw Pikel.
Pikel is lightly wounded.
You hit the gnoll.
You feel very sick. The gnoll hits you but does no damage.
Pikel hits you with a +2 whip of electrocution!
The gnoll misses you.
3741 ||| DRINKING potion of heal wounds.
You feel much better.
You feel sick. The gnoll closely misses you. You furiously retaliate!
You headbutt the gnoll. Pikel barely misses you.
The lemure hits you but does no damage.
You slash the gnoll!
You kill the gnoll!
Trog accepts your kill.
You hit Pikel. You slash the lemure!
You feel sick. Pikel hits you but does no damage.
You are electrocuted!
The lemure hits you but does no damage. Pikel misses you.
The lemure hits you but does no damage. x2
You slash the lemure!
The lemure is severely wounded.
You barely miss Pikel. You hit the lemure.
You feel sick. Pikel misses you. The lemure hits you.
The lemure completely misses you. Pikel barely misses you.
The lemure barely misses you.
A kobold comes into view. It is wielding a +0 dagger.
The kobold shouts!
You hit the lemure.
The lemure is severely wounded.
You slash the lemure! You closely miss Pikel.
You feel sick.
You are no longer poisoned.
Pikel closely misses you. The lemure completely misses you. x2
You slash the lemure!
You kill the lemure!
That felt strangely unrewarding.
You barely miss the lemure. You closely miss Pikel.
Pikel hits you with a +2 whip of electrocution!
The lemure hits you!
You die...

..... ###.#.#........
..... #.....##.......
##...# ##...##........
#..... #=...##........
#.....##..............
#.....#............
###....###.........
..##.###.)..#
##........
.....55@%..## ...
......K#.### ##
###.......#
#.).......#
#......##.... .......
#..K. ....... ....#
....... .....


You could see Pikel, 2 lemures and a kobold.

Vanquished Creatures
  A lemure (D:4)
  Jessica (D:3)
  11 gnolls (D:4)
  5 adders
  2 worms
  4 orcs (D:2)
  8 bats
  9 endoplasms
  2 giant cockroaches
  9 goblins
  6 hobgoblins
  3 kobolds
  3 quokkas
  5 ball pythons
  3 frilled lizards
  2 rats
74 creatures vanquished.

Notes
Turn   | Place    | Note
-------+----------+-------------------------------------------
     0 | D:1      | qw the Minotaur Berserker began the quest for the Orb.
     0 | D:1      | Reached XP level 1. HP: 19/19 MP: 0/0
     0 | D:1      | 0 ||| qw: Version: 0.1-a-116-g5d60599
     0 | D:1      | 0 ||| qw: Game counter: 7493
     0 | D:1      | 0 ||| qw: Always use a shield: true
     0 | D:1      | 0 ||| qw: Do Orc after D:15 true
     0 | D:1      | 0 ||| qw: Do second Lair branch before Depths: true
     0 | D:1      | 0 ||| qw: Lair rune preference: random
     0 | D:1      | 0 ||| qw: Plans: Normal
     0 | D:1      | 0 ||| PLANNING D:1-11
    80 | D:1      | Reached skill level 4 in Axes
   174 | D:1      | Found Neusor's Weapon Emporium.
   270 | D:1      | 270 ||| SHOPLISTING +0 whip (35 gold, have 10).
   270 | D:1      | 270 ||| SHOPLISTING +1 vorpal broad axe (182 gold, have
                  | 10).
   575 | D:1      | Reached XP level 2. HP: 26/26 MP: 1/1
   714 | D:1      | 714 ||| UPGRADING to +0 leather armour.
   724 | D:1      | 724 ||| DROPPING +0 animal skin.
   725 | D:1      | 725 ||| DROPPING ring of flight.
   726 | D:1      | 726 ||| UPGRADING to +4 ring of slaying {mikee}.
   727 | D:1      | 727 ||| READING 2 scrolls labelled BAUSEIFAMI.
   728 | D:1      | 728 ||| READING 3 scrolls labelled MARPHYPU BUGI.
   729 | D:1      | 729 ||| READING scroll labelled YJUINA KIADAS.
   730 | D:1      | 730 ||| DRINKING 2 sedimented inky potions.
   731 | D:1      | 731 ||| DRINKING 2 inky potions.
   731 | D:1      | Gained mutation: You are somewhat resistant to further
                  | mutation. [potion of mutation]
   731 | D:1      | Gained mutation: You have sharp toenails. [potion of
                  | mutation]
   732 | D:1      | 732 ||| DROPPING 2 scrolls of poison.
   733 | D:1      | 733 ||| Stepping randomly (stuck).
   734 | D:1      | 734 ||| Stepping ~*~*~tactically~*~*~ (cloud).
   743 | D:1      | HP: 6/26 [poisoned by you (poison gas)]
  1027 | D:2      | 1027 ||| STAIRDANCE
  1238 | D:2      | Reached skill level 5 in Axes
  1240 | D:2      | Reached XP level 3. HP: 31/31 MP: 2/2
  1244 | D:2      | 1244 ||| DROPPING +0 club.
  1406 | D:2      | Found Kaewoh's Book Emporium.
  1610 | D:2      | Reached ** piety under Trog
  1625 | D:2      | 1625 ||| INVOKING Berserk.
  1882 | D:2      | Found a faded altar of an unknown god.
  2133 | D:2      | 2133 ||| UPGRADING to +0 scale mail.
  2143 | D:2      | 2143 ||| DROPPING +0 leather armour.
  2144 | D:2      | 2144 ||| READING scroll labelled ZEISUTS DIUBRY.
  2235 | D:3      | 2235 ||| INVOKING Berserk.
  2474 | D:3      | Reached skill level 6 in Axes
  2474 | D:3      | Reached XP level 4. HP: 37/39 MP: 3/3
  2509 | D:3      | Found Fec Pycw's Antique Weapon Emporium.
  2522 | D:3      | 2522 ||| SHOPLISTING glowing war axe (123 gold, have 46).
  2522 | D:3      | 2522 ||| SHOPLISTING runed war axe (123 gold, have 46).
  2522 | D:3      | 2522 ||| SHOPLISTING shimmering flail (161 gold, have 46).
  2536 | D:3      | Noticed Jessica
  2542 | D:3      | Killed Jessica
  2659 | D:3      | 2659 ||| SWAPPING to +0 war axe.
  2660 | D:3      | 2660 ||| DROPPING +0 hand axe.
  3014 | D:3      | Reached XP level 5. HP: 45/45 MP: 4/4
  3095 | D:3      | Reached skill level 7 in Axes
  3232 | D:3      | 3232 ||| UPGRADING to scarf of resistance.
  3237 | D:3      | 3237 ||| READING 2 scrolls labelled GURGHE ICOO.
  3238 | D:3      | 3238 ||| READING 2 scrolls labelled XAMIWE QEUN.
  3239 | D:3      | 3239 ||| READING scroll of enchant weapon.
  3239 | D:3      | 3239 ||| ENCHANTING +1 war axe.
  3240 | D:3      | 3240 ||| READING scroll labelled NEYNNI QEUSYA.
  3241 | D:3      | 3241 ||| READING scroll labelled LYTUSI LANAYSU.
  3242 | D:3      | 3242 ||| READING 2 scrolls of identify.
  3242 | D:3      | 3242 ||| IDENTIFYING coppery potion
  3243 | D:3      | 3243 ||| DROPPING scroll of fear.
  3282 | D:4      | 3282 ||| Stepping ~*~*~tactically~*~*~ (stealth).
  3285 | D:4      | 3285 ||| INVOKING Berserk.
  3447 | D:4      | 3447 ||| INVOKING Berserk.
  3586 | D:4      | 3586 ||| INVOKING Berserk.
  3729 | D:4      | Noticed a lemure
  3730 | D:4      | 3730 ||| INVOKING Berserk.
  3730 | D:4      | Noticed a lemure
  3731 | D:4      | Noticed a lemure
  3731 | D:4      | Noticed Pikel
  3739 | D:4      | Noticed a lemure
  3740 | D:4      | HP: 10/46 [poisoned by a gnoll]
  3740 | D:4      | HP: 2/46 [Pikel/+2 whip of electrocution (8)]
  3741 | D:4      | 3741 ||| DRINKING potion of heal wounds.
  3745 | D:4      | Killed a lemure
  3745 | D:4      | HP: 7/46 [Pikel/+2 whip of electrocution (7)]
  3745 | D:4      | Slain by a lemure

Levels and vault maps discovered:
D:1:      eino_arrival_water_star, layout_loops_ring, serial_shops,
          nicolae_shop_temple_entry_statues_fountains
D:2:      layout_basic, serial_shops, nicolae_shop_hallway_stairs,
          shapermc_ecumenical_altar_mp_urbaneastern, minmay_pentomino_pile
D:3:      minmay_bubble_buster, layout_loops_cross, serial_shops,
          shop_fountains, nicolae_figureground_sparkle, uniq_jessica
D:4:      layout_cave_pools, nemelex_dance_club_becter, uniq_pikel

Skill      XL: |  1  2  3  4  5 |
---------------+----------------+-----
Axes           | 4 5 6 7 |  7.9
Fighting       | 4 |  4.0
Armour         | |  2.4
Dodging        | |  2.1

Action                   |  1- 3 |  4- 6 || total
-------------------------+-------+-------++-------
Melee: Hand axe          |    53 |     6 ||    59
       Kick              |     7 |     5 ||    12
       Headbutt          |     4 |     3 ||     7
       War axe           |       |    51 ||    51
Invok: Berserk           |     2 |     4 ||     6
  Use: Scroll            |     4 |     6 ||    10
       Potion            |     2 |     1 ||     3
Armor: Animal skin       |     1 |       ||     1
       Leather armour    |     3 |       ||     3
       Scale mail        |     1 |    15 ||    16
Dodge: Dodged            |    31 |    27 ||    58

Table legend:
 A = Non-vault XP
 B = Vault XP
 C = Vault XP percentage of total XP
 D = Non-vault monster count
 E = Vault monster count
 F = Vault count percentage of total count
                 A         B        C        D         E       F
            +---------+---------+-------+---------+---------+-------
      Total |     285 |      77 |  21.3 |      54 |      19 |  26.0
            +---------+---------+-------+---------+---------+-------
        D:1 |      14 |       0 |   0.0 |       9 |       0 |   0.0
        D:2 |      61 |       4 |   6.2 |      18 |       3 |  14.3
        D:3 |      50 |      73 |  59.3 |      13 |      16 |  55.2
        D:4 |     160 |       0 |   0.0 |      14 |       0 |   0.0
            +---------+---------+-------+---------+---------+-------
